 Dungeon Crawl Stone Soup version 0.31.0-2-g5a2aebc5c2 (webtiles) character file.

Game seed: 2349166107202600480

3 shadowrider38 the Ruffian (level 1, 0/15 HPs)
             Began as a Barachi Shapeshifter on Jan 21, 2024.
             Constricted to death by a ball python (1 damage)
             ... on level 1 of the Dungeon.
             The game lasted 00:00:39 (100 turns).

shadowrider38 the Ruffian (Barachi Shapeshifter)     Turns: 100, Time: 00:00:39

Health: 0/15       AC:  2    Str: 15    XL:     1   Next: 50%
Magic:  1/1        EV:  9    Int: 10    God:
Gold:   0          SH:  0    Dex: 11    Spells: 0/0 levels left

rFire   . .          .
                       - Unarmed
rCold   . . .        (no shield)
rNeg    . . .        a - +0 animal skin
rPois   .            (helmet currently unavailable)
rElec   .            (cloak currently unavailable)
rCorr   .            (gloves currently unavailable)
SInv    .            (boots currently unavailable)
Will    .....        (no amulet)
Stlth   +            (no ring)
HPRegen 0.22/turn    (no ring)
MPRegen 0.07/turn

%: no passive effects
@: beast-form, unable to hop, constricted, slow
A: beast (slay +1), amphibious, slowness 1, strong legs 1, +LOS
a: Hop, Begin Untransformation


You were on level 1 of the Dungeon.
You were a hulking beast.
You visited 1 branch of the dungeon, and saw 1 of its levels.

Inventory:

Armour
 a - a +0 animal skin (worn)
Talismans
 c - a beast talisman
 d - a flux talisman
Scrolls
 e - a scroll of fog {unknown}
Potions
 b - a potion of lignification


   Skills:
 - Level 1.2 Fighting
 - Level 2.1 Dodging
 * Level 3.4 Unarmed Combat
 * Level 3.4 Shapeshifting


You couldn't memorise any spells.
You didn't know any spells.
Your spell library was empty.

Dungeon Overview and Level Annotations

Branches:
Dungeon (1/15) Zot: 5888

Altars:


Innate Abilities, Weirdness & Mutations

You are a hulking beast.
Your limbs bulge with bestial killing power. (Slay +1)
You are amphibious.
You cover ground slowly.
You can hop short distances.
You have an extended range of vision and can be seen from far away.


Message History

a +0 whip; a stone You start resting.
HP restored.
A rat comes into view.
What are your orders? t - Croak!
Orders for allies: a - Attack new target. r - Retreat! s - Stop attacking. g - Guard the area. f - Follow me.
Anything else - Cancel.
You croak for attention!
The rat squeaks loudly.
You hear a shout! x2
You hear an angry hiss.
A goblin comes into view. It is wielding a +0 club.
A hobgoblin comes into view.
A hobgoblin is nearby!
You hit the hobgoblin.
The hobgoblin is almost dead.
The hobgoblin closely misses you.
You closely miss the hobgoblin.
The hobgoblin is almost dead.
The hobgoblin hits you.
You closely miss the hobgoblin.
The hobgoblin is almost dead.
The hobgoblin hits you.
You are too injured to fight recklessly!
You barely miss the hobgoblin.
The hobgoblin is almost dead.
The goblin hits you with a +0 club.
* * * LOW HITPOINT WARNING * * *
The hobgoblin hits you but does no damage.
Okay, then.
Hop to where?
Press: ? - help, Dir - move target
Okay, then.
Hop to where?
Press: ? - help, Dir - move target, f - you
Okay, then.
Hop to where?
Press: ? - help, Dir - move target Boing!
Unknown command.
A ball python comes into view.
Unknown command.
The ball python hisses angrily.
Unknown command.
The ball python bites you.
* * * LOW HITPOINT WARNING * * *
The ball python barely misses you. x2; The ball python grabs you.
The ball python constricts you.
You die...

######.###### ##.# ##..#
.###..## .....###########
.#.# ###.....)......#
.#.# #
######..####.###...#...
##.# #.........#
#.######h...####
#....g...S.......
###########g^....##...##.
........°....##..# #.#
#..##..#######...# #
##......g..#.#
####..#####... ####
###... ##...


You could see a hobgoblin, a goblin and a ball python.

Vanquished Creatures
  A goblin (D:1)
  A hobgoblin (D:1)
  A kobold (D:1)
3 creatures vanquished.

Notes
Turn   | Place    | Note
-------+----------+-------------------------------------------
     0 | D:1      | shadowrider38 the Barachi Shapeshifter began the quest for
                  | the Orb.
     0 | D:1      | Reached XP level 1. HP: 15/15 MP: 1/1
   100 | D:1      | Constricted to death by a ball python

Illustrated notes

Levels and vault maps discovered:
D:1:      saegor_arrival_miasma, layout_rooms

Action                     || total
---------------------------++-------
  Melee: Unarmed           ||    11
Ability: Hop               ||     1
 Armour: Animal skin       ||     9
  Dodge: Dodged            ||     8
